Map: Amygdala

Players

LiquidClem (Clem) - Winner!

  • Race: Terran Terran
  • League: Grandmaster
  • Spawn Location: 7:00

gumiho

  • Race: Terran Terran
  • Spawn Location: 1:00

Event: HomeStory Cup XXVI

VOD

Have the link to the VOD?

Description

Time

  • Played on: Dec. 1, 2024, 1:52 p.m.
  • Length: 6:24

All games in this series

Show
View Real Time Build Order
Export as new Build Order

LiquidClem Terran - Winner!

Build Orders:  

Get SALT Encoding   

  12  0:00  SCV  
  13  0:12  SCV  
  14  0:16  Supply Depot  
  14  0:24  SCV  
  15  0:38  SCV  
  15  0:39  Barracks  
  16  0:44  Refinery  
  16  0:56  Barracks  
  16  1:00  SCV  
  17  1:07  Refinery  
  17  1:12  SCV  
  18  1:26  Reaper  
  18  1:29  Orbital Command  
  19  1:41  Supply Depot  
  19  1:44  Reaper  
  20  1:55  SCV  
  20  1:58  Reaper  
  22  2:07  SCV  
  23  2:11  Factory  
  23  2:16  Reaper  
  23  2:20  SCV  
  25  2:25  Supply Depot  
  25  2:32  SCV, Reaper  
  27  2:44  SCV  
  27  2:48  Reaper  
  29  2:55  Command Center  
  29  3:03  SCV  
  32  3:05  Factory Tech Lab  
  32  3:06  Barracks Reactor  
  30  3:15  SCV  
  31  3:24  Cyclone  
  31  3:26  Supply Depot  
  34  3:27  SCV  
  35  3:40  SCV  
  36  3:41  Starport  
  36  3:43  Marine x2  
  38  3:49  Refinery  
  38  3:52  SCV  
  39  4:00  Cyclone  
  42  4:03  Marine  
  42  4:04  SCV  
  42  4:09  Orbital Command  
  44  4:16  SCV  
  44  4:19  Starport Tech Lab  
  44  4:20  Marine  
  44  4:21  Marine  
  46  4:28  SCV  
  47  4:37  SCV  
  48  4:38  Siege Tank  
  48  4:39  Marine x2  
  48  4:41  SCV  
  48  4:44  Raven  
  55  4:50  SCV  
  55  4:53  SCV  
  55  4:54  Supply Depot  
  55  4:56  Interference Matrix  
  55  4:59  Marine x2  
  58  5:02  SCV  
  58  5:04  Supply Depot  
  58  5:05  SCV  
  60  5:14  SCV  
  60  5:16  Siege Tank  
  60  5:17  Marine x2  
  60  5:18  SCV  
  63  5:26  Raven, SCV  
  65  5:30  SCV  
  65  5:34  Marine  
  65  5:35  Marine  
  68  5:40  SCV  
  68  5:42  SCV, Command Center  
  69  5:51  Siege Tank  
  69  5:52  SCV  
  69  5:53  Marine  
  69  5:54  SCV  
  75  6:01  Marine  
  68  6:04  SCV  
  68  6:06  SCV  
  72  6:10  Supply Depot  
Show
View Real Time Build Order
Export as new Build Order

gumiho Terran 

Build Orders: Gas First Reaper Expand 

Get SALT Encoding   

  12  0:00  SCV  
  13  0:12  SCV  
  14  0:16  Supply Depot  
  14  0:24  SCV  
  14  0:27  Refinery  
  15  0:38  SCV  
  16  0:44  Barracks  
  16  0:50  SCV  
  17  1:02  SCV  
  18  1:14  SCV  
  19  1:30  Orbital Command  
  19  1:31  Reaper  
  20  1:40  Command Center  
  20  1:51  Factory  
  20  1:56  SCV  
  21  2:02  Supply Depot  
  21  2:04  Marine  
  22  2:10  Refinery  
  22  2:11  SCV  
  23  2:23  SCV, Marine  
  24  2:35  Hellion  
  24  2:36  SCV  
  24  2:37  Starport  
  27  2:41  Marine  
  28  2:48  Supply Depot, SCV  
  29  2:59  Hellion  
  29  3:01  Barracks Tech Lab  
  31  3:09  SCV  
  31  3:10  Command Center  
  32  3:18  Supply Depot  
  32  3:21  SCV  
  32  3:25  Banshee  
  36  3:27  Factory Tech Lab  
  36  3:29  Barracks Reactor  
  36  3:33  SCV  
  37  3:45  SCV  
  37  3:46  Cyclone  
  41  3:58  SCV  
  39  4:11  Raven  
  39  4:13  SCV  
  42  4:18  Command Center  
  42  4:24  Orbital Command  
  42  4:28  Cyclone  
  42  4:30  Marine  
  43  4:32  Marine  
  43  4:36  SCV  
  44  4:43  Orbital Command  
  43  4:47  Raven  
  43  4:48  SCV  
  46  4:54  Marine  
  46  4:55  Marine  
  47  5:00  SCV  
  47  5:05  Siege Tank  
  51  5:11  Refinery  
  51  5:12  Marine, Refinery  
  48  5:20  SCV x2  
  43  5:30  Marine x2  
  43  5:32  SCV x2  
  43  5:35  Raven  
  47  5:44  SCV x2  
  47  5:48  Marine x2  
  48  5:56  SCV  
  48  5:57  SCV  
  43  6:06  Marine x2  
  45  6:09  SCV x2  
Tags
 
Add a new tag
Caveats
  • Supply blocks, unpowered buildings, or Contaminate may cause inaccurate times.
  • Supply counts are checked every 10 seconds.